 Dungeon Crawl Stone Soup version 0.22.1-6-g1668fe2c40 (webtiles) character file.

111 Ishchenko the Stinger (level 4, -2/37 HPs)
             Began as a Naga Venom Mage on Jan 24, 2019.
             Slain by Grinder (6 damage)
             ... on level 3 of the Dungeon.
             The game lasted 00:19:57 (2724 turns).

Ishchenko the Stinger (Naga Venom Mage)             Turns: 2724, Time: 00:19:58

Health: -2/37      AC:  2    Str: 10      XL:     4   Next: 92%
Magic:  7/8        EV: 10    Int: 15 (17) God:
Gold:   143        SH:  0    Dex: 10 (11) Spells: 2/8 levels left

rFire    . . .     SeeInvis +   e - +1 dagger
rCold    . . .     Gourm    .   (no shield)
rNeg     . . .     Faith    .   a - +0 robe
rPois    +         Spirit   .   (no helmet)
rElec    .         Reflect  .   (no cloak)
rCorr    .         Harm     .   (no gloves)
MR       .....                  (no barding)
Stlth    ++........             (no amulet)
HPRegen  0.12/turn              (no ring)
MPRegen  0.11/turn              (no ring)

@: berserk cooldown, slowed, very slow
A: large, see invisible, deformed body, poison resistance, slowness 2, slow
metabolism 1, spit poison 1, AC +1
a: Spit Poison


You were on level 3 of the Dungeon.
You were not hungry.

You visited 1 branch of the dungeon, and saw 3 of its levels.

You collected 143 gold pieces.

Inventory:

Hand Weapons
 e - a +1 dagger (weapon)
Armour
 a - a +0 robe (worn)
Wands
 k - a wand of digging (10)
Scrolls
 h - a scroll of immolation
 i - 3 scrolls of identify
Potions
 n - a potion of brilliance {unknown}
Comestibles
 c - 10 rations
 m - a chunk of flesh


   Skills:
 + Level 0.8 Fighting
 + Level 1.1 Short Blades
 + Level 2.0 Dodging
 + Level 3.3 Stealth
 + Level 2.6 Spellcasting
 + Level 1.2 Conjurations
 + Level 0.4 Air Magic
 + Level 5.3 Poison Magic


You had 2 spell levels left.
You knew the following spells:

 Your Spells              Type           Power        Failure   Level  Hunger
a - Sting                 Conj/Pois      ##..         5%          1    #......
b - Poisonous Vapours     Pois/Air       ##....       10%         2    ##.....
c - Mephitic Cloud        Conj/Pois/Air  #.......     24%         3    ###....

Your spell library contained the following spells:

 Spells                   Type           Power        Failure   Level  Hunger
 Olgreb's Toxic Radiance  Pois           ###.....     22%         4    #####..
 Venom Bolt               Conj/Pois      ##........   83%         5    ######.


Dungeon Overview and Level Annotations

Branches:
Dungeon (3/15)

Altars:
Dithmenos
Hepliaklqana
Uskayaw

Annotations:
D:3 Grinder


Innate Abilities, Weirdness & Mutations

You cannot wear boots.
Your serpentine skin is tough. (AC +1)
You have supernaturally acute eyesight. (SInv)
Armour fits poorly on your strangely shaped body.
Your system is resistant to poisons. (rPois)
You cover ground very slowly.
You have a slow metabolism.
You can spit poison.


Message History

You feel yourself moving faster!
You feel mighty!
Grinder says, "Don't move a muscle."
Grinder gestures at you.
You suddenly lose the ability to move!
Grinder gestures at you.
You shrug off the repeated paralysis!
Grinder hits you.
* * * LOW HITPOINT WARNING * * *
You writhe in agony.
* * * LOW HITPOINT WARNING * * *
You can move again.
Unknown command.
You feel a strong urge to attack something.
You are no longer berserk.
You are exhausted.
You feel yourself slow down.
Grinder blinks!
Grinder says, "Don't move a muscle."
Grinder hits you.
You die...

...# .....
#..######.....
###.....#.... ######
..........# #....#
........### ..
#.##.##
....§.#...#####.
#.##..# >....
#......##. #...#.##
....
##§###.##.####.....
... #@#
#.....######.# ..
#5### #....# #.# .
#...#####.#.####..
#.......#........#
###.....##.#####..
#.....##.#######
###..####.#...... ..
#....(###...###..
....#....(#.......#.#


You could see Grinder.

Vanquished Creatures
  Jessica (D:2)
  3 adders
  4 worms
  2 dart slugs
  A leopard gecko (D:2)
  6 bats
  6 goblins
  4 hobgoblins
  4 jackals (D:2)
  4 kobolds
  2 frilled lizards
  6 rats
43 creatures vanquished.

Notes
Turn   | Place    | Note
-------+----------+-------------------------------------------
     0 | D:1      | Ishchenko the Naga Venom Mage began the quest for the Orb.
     0 | D:1      | Reached XP level 1. HP: 15/15 MP: 3/3
   228 | D:1      | Reached XP level 2. HP: 21/22 MP: 1/5
   232 | D:1      | Learned a level 2 spell: Poisonous Vapours
   713 | D:2      | Reached XP level 3. HP: 17/28 MP: 0/6
  1194 | D:2      | Learned a level 3 spell: Mephitic Cloud
  1309 | D:2      | Found a hide-covered altar of Uskayaw.
  1309 | D:2      | Found a hazy altar of Hepliaklqana.
  1314 | D:2      | Found a shadowy altar of Dithmenos.
  1415 | D:2      | Reached skill level 5 in Poison Magic
  1437 | D:2      | Reached XP level 4. HP: 5/36 MP: 0/7
  1805 | D:2      | Noticed Jessica
  1811 | D:2      | Killed Jessica
  1811 | D:2      | Reached skill level 1 in Short Blades
  2680 | D:3      | Noticed Grinder
  2715 | D:3      | Paralysed by Grinder for 6 turns
  2724 | D:3      | Slain by Grinder

Skill      XL: |  1  2  3  4 |
---------------+-------------+-----
Poison Magic   | 5 |  5.3
Short Blades   | 1 |  1.1
Dodging        | 2 |  2.0
Fighting       | |  0.8
Stealth        | |  3.3
Spellcasting   | |  2.6
Conjurations   | |  1.2
Air Magic      | |  0.4

Action                   |  1- 3 |  4- 6 || total
-------------------------+-------+-------++-------
Melee: Dagger            |    70 |    52 ||   122
 Cast: Sting             |    41 |    12 ||    53
       Poisonous Vapours |     8 |    12 ||    20
       Mephitic Cloud    |     1 |       ||     1
 Abil: Spit Poison       |     1 |       ||     1
  Use: Scroll            |       |     6 ||     6
       Potion            |       |     4 ||     4
  Eat: Chunk             |     1 |     5 ||     6
Armor: Robe              |    11 |     6 ||    17
Dodge: Dodged            |    42 |    16 ||    58
